 Dungeon Crawl Stone Soup version 0.24.0-125-gc4c63601f3 (webtiles) character file.

Game seed: 14383434209658581936, levelgen mode: deterministic

136 Lemonice the Caller (level 5, 0/39 HPs)
             Began as a Barachi Summoner on Feb 21, 2020.
             Slain by an ice beast (14 damage)
             ... on level 3 of the Dungeon.
             The game lasted 00:06:00 (3148 turns).

Lemonice the Caller (Barachi Summoner)              Turns: 3148, Time: 00:06:01

Health: 0/39       AC:  3    Str: 10    XL:     5   Next: 19%
Magic:  6/9        EV: 13    Int: 16    God:
Gold:   177        SH:  0    Dex: 12    Spells: 7/10 levels left

rFire    . . .     SeeInvis .   r - +0 spear (curse)
rCold    . . .     Gourm    .   (no shield)
rNeg     . . .     Faith    .   a - +0 robe
rPois    .         Spirit   .   (no helmet)
rElec    .         Reflect  .   (no cloak)
rCorr    .         Harm     .   (no gloves)
MR       .....                  o - +0 pair of boots
Stlth    ++........             (no amulet)
HPRegen  0.13/turn              (no ring)
MPRegen  0.11/turn              (no ring)

@: slow
A: +LOS, swims, slowness 1, strong legs 1
a: Hop


You were on level 3 of the Dungeon.
You were not hungry.

You visited 1 branch of the dungeon, and saw 3 of its levels.

You collected 177 gold pieces.

Inventory:

Hand Weapons
 h - a +0 club
 l - a +0 dagger
 r - a cursed +0 spear (weapon)
Armour
 a - a +0 robe (worn)
 o - a +0 pair of boots (worn)
Jewellery
 e - an uncursed amulet of rage {unknown}
Scrolls
 b - 8 scrolls of remove curse {unknown}
 f - a scroll of identify {unknown}
 i - a scroll of immolation {unknown}
 j - a scroll of teleportation {unknown}
 k - a scroll of enchant weapon {unknown}
 m - a scroll of fog {unknown}
 n - 2 scrolls of magic mapping {unknown}
 p - a scroll of amnesia {unknown}
Potions
 d - 3 potions of haste {unknown}
 g - 3 potions of agility {unknown}
 q - a potion of curing {unknown}
 s - 2 potions of flight {unknown}
Comestibles
 c - 5 rations


   Skills:
 + Level 2.5 Fighting
 + Level 3.3 Dodging
 - Level 1.7 Stealth
 + Level 3.2 Spellcasting
 + Level 5.7 Summonings


You had 7 spell levels left.
You knew the following spells:

 Your Spells              Type           Power        Failure   Level  Hunger
a - Summon Small Mammal   Summ           ###.         1%          1    None
b - Call Imp              Summ           ###.....     2%          2    ##.....

Your spell library contained the following spells:

 Spells                   Type           Power        Failure   Level  Hunger
 Call Canine Familiar     Summ           ###.....     5%          3    ###....
 Summon Guardian Golem    Hex/Summ       ##......     17%         3    ###....
 Summon Ice Beast         Ice/Summ       ##......     50%         4    ####...
 Summon Lightning Spire   Summ/Air       ##......     50%         4    ####...


Dungeon Overview and Level Annotations

Branches:
Dungeon (3/15)

Altars:
Gozag
Yredelemnul


Innate Abilities, Weirdness & Mutations

Shadows flee at your approach. (+LOS)
You can swim through water.
You cover ground slowly.
You can hop short distances.


Message History

Your crimson imp hits the ice beast.
Your crimson imp hits the ice beast but does no damage.
Something misses your crimson imp.
You hit the ice beast.
The ice beast is moderately wounded.
The ice beast barely misses you.
Something barely misses your crimson imp.
Your crimson imp hits the ice beast.
Your crimson imp closely misses the ice beast.
You hit the ice beast but do no damage.
The ice beast is moderately wounded.
Something bites your crimson imp. The ice beast hits you.
The ice beast freezes you!
Your crimson imp closely misses the ice beast.
Your crimson imp hits the ice beast but does no damage.
You hit the ice beast but do no damage.
The ice beast is moderately wounded.
Something barely misses your crimson imp.
The ice beast hits you. The ice beast freezes you!
You die...

#..#.......#####.##....)#
#.†#.####..# #..........
#.)#.####..# #..##.....#
#..........# #..# ...##
#....####..# #..# .##
#..........####..####.##
##...####..............#
##.## ####......###..#
#.# #.##5@.# #.# #. #Y###
#.# # #5# #.# #...r.....
#.. ##...##... .#...
...### .=.. #.# #


You could see an ice beast and 2 friendly crimson imps.

Vanquished Creatures
  An ooze (D:3)
  A leopard gecko (D:1)
  2 goblins (D:2)
  A hobgoblin (D:1)
  4 bats
  A kobold (D:3)
  4 rats
14 creatures vanquished.

Vanquished Creatures (collateral kills)
  Sigmund (D:2)
  An adder (D:2)
  An ooze (D:2)
  A worm (D:2)
  A leopard gecko (D:1)
  2 giant cockroaches (D:1)
  2 goblins (D:1)
  A hobgoblin (D:2)
  A kobold (D:1)
  A bat (D:1)
  A frilled lizard (D:1)
  A rat (D:1)
14 creatures vanquished.

Grand Total: 28 creatures vanquished

Notes
Turn   | Place    | Note
-------+----------+-------------------------------------------
     0 | D:1      | Lemonice the Barachi Summoner began the quest for the Orb.
     0 | D:1      | Reached XP level 1. HP: 13/13 MP: 3/3
   139 | D:1      | Reached skill level 5 in Summonings
   468 | D:1      | Reached XP level 2. HP: 20/20 MP: 1/5
  1035 | D:1      | Reached skill level 1 in Fighting
  1612 | D:1      | Learned a level 2 spell: Call Imp
  1893 | D:2      | Reached XP level 3. HP: 17/26 MP: 6/6
  2473 | D:2      | Found a basalt altar of Yredelemnul.
  2518 | D:2      | Noticed Sigmund
  2717 | D:2      | Killed Sigmund
  2717 | D:2      | Reached XP level 4. HP: 28/34 MP: 2/8
  2717 | D:2      | Reached XP level 5. HP: 32/39 MP: 2/9
  2828 | D:2      | Found an opulent altar of Gozag.
  3137 | D:3      | Noticed an ice beast
  3148 | D:3      | Slain by an ice beast

Levels and vault maps discovered:
D:1:      kennysheep_arrival_seaside, layout_basic, corexii_corridor_pit
D:2:      layout_basic, overflow_temple_1_default, first_ration,
          grunt_gozag_statues, uniq_sigmund
D:3:      layout_loops_ring

Skill      XL: |  1  2  3 |
---------------+----------+-----
Summonings     | 5 |  5.7
Fighting       | 1 2 |  2.5
Dodging        | 3 |  3.3
Spellcasting   | 3 |  3.2
Stealth        | |  1.7

Action                   |  1- 3 |  4- 6 || total
-------------------------+-------+-------++-------
Melee: Unarmed           |    84 |       ||    84
       Dagger            |    32 |       ||    32
       Spear             |     3 |    17 ||    20
 Cast: Summon Small Mamm |    21 |       ||    21
       Call Imp          |     7 |     2 ||     9
 Abil: Hop               |     2 |       ||     2
 Stab: Sleeping          |     6 |     1 ||     7
       Distracted        |     1 |       ||     1
  Eat: Chunk             |     6 |       ||     6
       Ration            |       |     1 ||     1
Armor: Robe              |    49 |       ||    49
Dodge: Dodged            |    95 |     9 ||   104
